Map: [ESL] Tropical Sacrifice

Players

Scarlett

  • Race: Zerg Zerg
  • Spawn Location: 7:00

PattyMac - Winner!

  • Race: Protoss Protoss
  • Spawn Location: 1:00

Event: DreamHack SC2 Masters 2022 Atlanta (Online)

VOD

Have the link to the VOD?

Description

Time

  • Played on: Oct. 5, 2022, 4:56 p.m.
  • Length: 16:53

All games in this series

Show
View Real Time Build Order
Export as new Build Order

Scarlett Zerg 

Build Orders: Hatch First, Brood Lord Corruptor, Lurkers 

Get SALT Encoding   

  12  0:00  Drone  
  13  0:12  Overlord  
  13  0:17  Drone  
  14  0:31  Drone x2  
  16  0:45  Drone  
  16  0:46  Drone  
  18  0:55  Hatchery  
  17  0:59  Drone  
  17  1:02  Extractor  
  17  1:16  Spawning Pool  
  17  1:18  Drone  
  17  1:21  Drone  
  18  1:28  Drone  
  20  1:40  Drone  
  20  1:49  Overlord  
  20  2:03  Metabolic Boost, Queen  
  20  2:07  Zergling x2, Queen  
  25  2:11  Drone  
  25  2:14  Drone  
  27  2:19  Drone  
  28  2:23  Drone  
  29  2:30  Drone  
  29  2:32  Drone  
  31  2:43  Drone  
  32  2:44  Hatchery  
  32  2:46  Zergling x2  
  32  2:50  Queen  
  34  2:55  Overlord  
  34  2:57  Zergling x2  
  35  3:04  Drone  
  35  3:12  Overlord  
  35  3:13  Drone x2  
  35  3:15  Queen  
  35  3:16  Drone  
  40  3:21  Drone x2  
  40  3:23  Drone  
  40  3:25  Overlord  
  43  3:32  Drone x3  
  46  3:42  Drone  
  46  3:43  Queen, Overlord  
  46  3:47  Drone x2  
  51  3:52  Drone  
  51  3:54  Queen  
  53  3:59  Drone x3  
  56  4:04  Drone  
  56  4:05  Drone x2  
  56  4:08  Zergling x2  
  56  4:09  Zergling x2  
  61  4:14  Zergling x2  
  63  4:17  Zergling x2  
  63  4:20  Zergling x4  
  65  4:26  Zergling x4, Drone  
  65  4:27  Roach Warren  
  65  4:28  Drone  
  65  4:30  Lair  
  68  4:37  Drone x2  
  68  4:38  Drone x3  
  72  4:39  Drone  
  72  4:41  Overlord  
  72  4:48  Overlord x2  
  72  4:49  Drone  
  72  4:51  Overlord  
  73  4:54  Extractor, Evolution Chamber  
  73  4:56  Extractor  
  73  4:58  Extractor  
  73  4:59  Overlord  
  69  5:00  Drone x4  
  69  5:04  Overlord  
  69  5:06  Zergling x8  
  77  5:13  Roach  
  77  5:14  Queen  
  79  5:17  Roach  
  79  5:18  Roach x2  
  79  5:19  Roach  
  79  5:20  Zergling x2  
  90  5:25  Zergling x6  
  93  5:29  Zerg Missile Weapons Level 1, Overlord  
  93  5:34  Drone x2  
  89  5:44  Drone x5  
  89  5:46  Glial Reconstitution  
  89  5:47  Drone  
  89  5:48  Drone  
  87  5:54  Drone  
  83  5:59  Drone x5  
  83  6:03  Drone  
  89  6:05  Extractor  
  89  6:06  Infestation Pit, Hatchery, Extractor  
  89  6:11  Drone x2  
  87  6:14  Drone  
  87  6:18  Drone  
  89  6:22  Drone x4  
  93  6:27  Drone x5  
  93  6:30  Overseer  
  93  6:32  Overseer  
  98  6:33  Overlord x4  
  106  6:51  Queen x3  
  103  6:54  Spore Crawler  
  103  6:55  Pathogen Glands  
  103  6:59  Drone  
  103  7:00  Drone x6  
  109  7:02  Spore Crawler  
  109  7:03  Spore Crawler  
  109  7:06  Drone  
  109  7:07  Drone x3  
  111  7:15  Spore Crawler x2  
  109  7:19  Drone  
  106  7:24  Zerg Ground Armor Level 1  
  106  7:26  Drone  
  106  7:27  Drone x7  
  106  7:29  Queen x2  
  114  7:42  Infestor x4, Hive  
  120  7:55  Spore Crawler  
  120  7:56  Infestor x3  
  125  8:01  Neural Parasite  
  125  8:04  Drone x10  
  135  8:16  Drone x10  
  145  8:21  Burrow  
  145  8:24  Roach x4  
  153  8:28  Overlord x2  
  153  8:32  Spore Crawler  
  153  8:33  Extractor  
  151  8:34  Spore Crawler, Extractor  
  148  8:45  Overseer  
  148  8:52  Spine Crawler x2  
  148  8:54  Spine Crawler  
  145  8:57  Drone x2  
  145  8:58  Evolution Chamber  
  145  8:59  Spire  
  145  9:08  Roach  
  145  9:09  Roach x14  
  175  9:14  Drone  
  175  9:15  Spine Crawler, Overlord x3  
  175  9:27  Hatchery  
  175  9:29  Zerg Missile Weapons Level 2  
  175  9:30  Zerg Melee Weapons Level 1  
  174  9:33  Spine Crawler  
  174  9:36  Drone x3  
  176  9:46  Spore Crawler  
  176  9:47  Spine Crawler  
  176  9:52  Hydralisk Den  
  173  9:54  Drone  
  173  9:55  Drone x6  
  179  10:06  Pneumatized Carapace  
  179  10:09  Spine Crawler  
  179  10:10  Spine Crawler  
  179  10:11  Drone x3  
  179  10:12  Spine Crawler  
  179  10:13  Overlord x2  
  179  10:15  Spine Crawler  
  179  10:16  Spine Crawler  
  179  10:17  Greater Spire, Spine Crawler  
  179  10:18  Overlord  
  179  10:20  Spine Crawler  
  175  10:22  Overlord  
  175  10:23  Drone  
  175  10:24  Lurker Den  
  175  10:29  Ravager x4  
  175  10:30  Ravager  
  180  10:44  Roach x9  
  180  10:49  Spine Crawler, Extractor  
  196  10:50  Spine Crawler  
  196  10:52  Spine Crawler  
  196  10:54  Extractor  
  188  11:10  Spine Crawler  
  188  11:11  Corruptor x4, Spine Crawler  
  187  11:12  Corruptor x3  
  187  11:13  Spine Crawler  
  199  11:22  Spire  
  184  11:37  Zerg Melee Weapons Level 2, Zerg Flyer Weapons Level 1  
  184  11:48  Brood Lord  
  184  11:49  Brood Lord  
  184  11:50  Brood Lord x5  
  184  11:52  Seismic Spines  
  188  12:08  Corruptor  
  188  12:09  Corruptor x3  
  188  12:10  Drone x4  
  188  12:14  Infestor x4, Spine Crawler  
  195  12:20  Drone x6  
  173  12:35  Hydralisk x3  
  173  12:36  Hydralisk x2  
  183  12:38  Drone x15  
  183  12:39  Hatchery  
  197  12:45  Spine Crawler  
  197  12:46  Spine Crawler  
  197  12:49  Spine Crawler  
  194  12:57  Brood Lord x3  
  200  13:07  Lurker x2  
  188  13:22  Lurker x3  
  191  13:28  Brood Lord  
  191  13:31  Drone  
  191  13:32  Drone  
  189  13:45  Zerg Flyer Weapons Level 2, Adaptive Talons, Spine Crawler  
  189  13:46  Spine Crawler x2  
  189  13:47  Zerg Flyer Armor Level 1  
  186  13:49  Drone x7, Spine Crawler  
  186  13:53  Hydralisk x2  
  186  13:55  Spine Crawler  
  195  13:56  Spine Crawler  
  195  14:00  Adrenal Glands  
  190  14:28  Drone x3  
  181  14:35  Drone x6  
  181  14:36  Drone x2  
  189  14:39  Spine Crawler x2  
  189  14:41  Spine Crawler  
  189  14:42  Spine Crawler  
  185  14:48  Infestor  
  185  14:49  Infestor x2  
  185  14:51  Queen  
  193  14:53  Lurker, Spine Crawler  
  193  14:55  Spine Crawler  
  193  14:57  Spine Crawler  
  193  14:58  Spore Crawler  
  190  15:02  Spine Crawler  
  190  15:04  Queen  
  191  15:15  Viper  
  191  15:16  Corruptor, Viper  
  199  15:22  Spore Crawler x2  
  199  15:23  Spore Crawler  
  196  15:29  Corruptor  
  198  15:37  Spore Crawler  
  198  15:38  Spore Crawler x2  
  198  15:39  Spore Crawler x2  
  198  15:40  Corruptor x3  
  198  15:41  Spore Crawler  
  198  15:43  Spore Crawler  
  198  15:44  Spore Crawler x2  
  198  15:45  Spore Crawler  
  198  15:49  Corruptor x5  
  188  16:01  Corruptor x4  
  186  16:04  Corruptor  
  188  16:12  Corruptor x2  
  188  16:15  Corruptor x4  
Show
View Real Time Build Order
Export as new Build Order

PattyMac Protoss - Winner!

Build Orders: 1 Gate Expand, Carriers, Mass Adepts, Zealot Archon 

Get SALT Encoding   

  12  0:00  Probe  
  13  0:12  Probe  
  14  0:19  Pylon  
  14  0:25  Probe (Chrono Boost)  
  15  0:37  Probe (Chrono Boost)  
  15  0:41  Gateway  
  16  0:46  Probe (Chrono Boost)  
  17  0:52  Probe  
  17  0:55  Assimilator  
  18  1:04  Probe  
  19  1:16  Probe  
  20  1:28  Probe  
  20  1:32  Nexus  
  21  1:41  Cybernetics Core  
  21  1:45  Probe  
  22  1:51  Assimilator  
  22  1:57  Probe  
  22  2:00  Pylon  
  23  2:14  Probe  
  23  2:15  Adept (Chrono Boost), Warp Gate (Chrono Boost)  
  23  2:22  Probe  
  27  2:32  Gateway, Probe  
  28  2:37  Stalker (Chrono Boost)  
  28  2:44  Probe  
  31  2:45  Probe  
  32  2:56  Probe  
  32  2:57  Probe  
  34  3:03  Gateway  
  34  3:08  Probe  
  34  3:09  Probe  
  34  3:10  Adept  
  38  3:19  Adept  
  40  3:20  Probe  
  40  3:21  Probe  
  40  3:24  Pylon  
  42  3:32  Twilight Council, Probe  
  42  3:33  Probe  
  42  3:44  Probe  
  42  3:45  Probe  
  42  3:48  Pylon  
  43  3:56  Adept, Probe  
  43  3:57  Probe  
  43  4:00  Adept x2  
  43  4:02  Resonating Glaives (Chrono Boost)  
  51  4:08  Probe  
  52  4:12  Nexus  
  52  4:13  Probe  
  53  4:18  Adept  
  53  4:21  Adept  
  53  4:22  Probe  
  58  4:27  Assimilator  
  58  4:30  Pylon  
  58  4:31  Assimilator  
  58  4:32  Probe  
  58  4:36  Probe  
  58  4:39  Adept  
  58  4:41  Adept  
  62  4:48  Probe, Pylon  
  62  4:51  Probe  
  64  4:54  Adept  
  66  5:02  Stargate  
  66  5:04  Stargate, Probe  
  67  5:07  Adept x2  
  67  5:11  Probe  
  72  5:16  Probe  
  72  5:18  Shield Battery  
  73  5:22  Dark Shrine  
  73  5:23  Probe  
  73  5:24  Probe  
  75  5:30  Probe  
  75  5:35  Probe  
  77  5:36  Probe  
  77  5:42  Probe  
  75  5:43  Pylon  
  75  5:49  Phoenix x2 (Chrono Boost)  
  69  5:54  Probe  
  62  5:57  Probe x2  
  62  5:58  Assimilator  
  62  6:00  Assimilator  
  62  6:01  Adept x2  
  68  6:06  Probe  
  68  6:07  Phoenix (Chrono Boost)  
  68  6:08  Phoenix (Chrono Boost)  
  68  6:09  Probe x2  
  75  6:17  Gateway  
  75  6:18  Gateway  
  75  6:19  Probe  
  75  6:21  Probe  
  75  6:22  Probe  
  78  6:26  Phoenix (Chrono Boost)  
  78  6:27  Phoenix (Chrono Boost)  
  82  6:33  Probe, Gateway  
  82  6:36  Dark Templar  
  82  6:38  Dark Templar  
  87  6:45  Phoenix (Chrono Boost)  
  89  6:48  Probe  
  90  6:55  Nexus  
  90  6:58  Pylon  
  90  7:02  Forge, Probe  
  90  7:04  Probe  
  90  7:06  Probe  
  93  7:09  Blink (Chrono Boost)  
  93  7:11  Robotics Facility  
  93  7:14  Probe  
  94  7:23  Probe  
  94  7:26  Pylon  
  93  7:39  Protoss Ground Weapons Level 1 (Chrono Boost)  
  93  7:40  Dark Templar x5  
  93  7:41  Probe x2  
  93  7:43  Pylon  
  105  7:53  Probe  
  105  7:55  Archon, Photon Cannon  
  105  7:56  Archon, Dark Templar  
  105  7:57  Shield Battery  
  105  7:58  Probe  
  109  8:00  Assimilator  
  109  8:01  Observer  
  109  8:05  Assimilator  
  110  8:07  Robotics Bay  
  110  8:11  Probe  
  110  8:12  Probe x2  
  113  8:16  Gateway  
  113  8:18  Gateway  
  113  8:22  Pylon  
  113  8:30  Probe x2  
  113  8:33  Robotics Facility  
  115  8:34  Dark Templar  
  115  8:35  Stalker x5, Pylon  
  115  8:39  Pylon  
  127  8:42  Gateway  
  127  8:43  Gateway  
  127  8:50  Photon Cannon  
  127  8:52  Photon Cannon  
  127  8:53  Shield Battery  
  127  8:55  Disruptor (Chrono Boost), Archon  
  125  9:00  Fleet Beacon  
  128  9:09  Charge (Chrono Boost)  
  128  9:10  Dark Templar  
  128  9:13  Zealot x2  
  128  9:16  Stalker x4  
  142  9:23  Disruptor (Chrono Boost)  
  142  9:27  Pylon  
  148  9:33  Archon  
  148  9:35  Zealot x3  
  148  9:36  Nexus  
  148  9:37  Disruptor (Chrono Boost)  
  154  9:39  Protoss Ground Weapons Level 2  
  154  9:45  Stalker x3  
  154  9:52  Observer  
  155  9:53  Photon Cannon, Pylon  
  155  9:56  Shield Battery  
  155  10:02  Stalker x2  
  155  10:03  Stalker  
  159  10:07  Photon Cannon  
  159  10:13  Stalker x2  
  163  10:15  Pylon  
  163  10:21  Dark Templar x3  
  167  10:22  Dark Templar  
  167  10:25  Disruptor (Chrono Boost)  
  167  10:26  Archon  
  167  10:27  Archon  
  171  10:30  Zealot x2  
  171  10:35  Zealot x2  
  180  10:41  Disruptor (Chrono Boost)  
  185  10:44  Zealot  
  185  10:49  Pylon  
  187  10:51  Pylon  
  187  10:54  Disruptor (Chrono Boost), Stargate  
  175  11:06  Zealot x5  
  175  11:07  Zealot x2  
  175  11:11  Disruptor (Chrono Boost)  
  186  11:18  Zealot x3  
  186  11:22  Disruptor (Chrono Boost)  
  187  11:34  Assimilator  
  187  11:39  Disruptor, Assimilator  
  183  11:40  Zealot x5  
  183  11:41  Zealot x2  
  200  11:53  Protoss Air Weapons Level 1 (Chrono Boost)  
  182  12:10  Zealot x6  
  182  12:13  Carrier (Chrono Boost)  
  182  12:14  Carrier x2 (Chrono Boost)  
  168  12:33  Zealot x2  
  168  12:34  Zealot x8  
  188  12:41  Observer x2 (Chrono Boost)  
  186  12:44  Protoss Shields Level 1  
  186  12:46  Cybernetics Core  
  186  12:58  Templar Archives  
  184  13:08  Carrier x3 (Chrono Boost)  
  168  13:39  Mothership (Chrono Boost)  
  174  13:52  Carrier (Chrono Boost), Psionic Storm  
  174  13:53  Protoss Air Armor Level 1 (Chrono Boost)  
  174  13:54  Zealot x7  
  200  13:57  Nexus, Carrier (Chrono Boost)  
  200  14:00  Pylon  
  183  14:30  Carrier (Chrono Boost), Zealot x7  
  196  14:46  High Templar x2  
  186  14:53  High Templar  
  186  14:54  High Templar x3  
  182  15:00  Photon Cannon  
  182  15:03  Photon Cannon  
  182  15:04  Photon Cannon  
  182  15:05  Void Ray (Chrono Boost)  
  190  15:09  Void Ray (Chrono Boost)  
  190  15:10  Photon Cannon  
  190  15:11  Shield Battery  
  190  15:13  Disruptor x2, Photon Cannon  
  196  15:16  Pylon  
  196  15:20  Observer, Flux Vanes  
  200  15:30  Void Ray (Chrono Boost)  
  163  16:10  Void Ray x3  
  175  16:12  Zealot x2  
  175  16:13  Zealot x5  
  177  16:39  Stalker x8  
Tags
 
Add a new tag
Caveats
  • Supply blocks, unpowered buildings, or Contaminate may cause inaccurate times.
  • Supply counts are checked every 10 seconds.